 Dungeon Crawl Stone Soup version 0.16-a0-3192-g4847bf6 (console) character file.

1624 hhkb the Martial Artist (level 8, -8/48 HPs)
             Began as an Octopode Transmuter on Dec 17, 2014.
             Was a Priest of Ru.
             Mangled by Menkaure (17 damage)
             ... on level 7 of the Dungeon.
             The game lasted 00:34:33 (9191 turns).

hhkb the Martial Artist (Octopode Transmuter)       Turns: 9191, Time: 00:34:33

Health: -8/48      AC:  2    Str: 13    XL:     8   Next: 97%
Magic:  3/13       EV: 15    Int: 13    God:    Ru [***...]
Gold:   245        SH:  0    Dex: 17    Spells: 3 memorised, 2 levels left

rFire  . . .     SeeInvis .       - Unarmed
rCold  . . .     Clarity  +     e - melded +0 buckler
rNeg   . . .     SustAb   +     (helmet currently unavailable)
rPois  x         Gourm    .     p - amulet of clarity {Clar, !d}
rElec  .         Spirit   .     s - -4 ring of evasion (curse)
rCorr  .         Warding  .     x - ring "Icioh Umuit" {SustAb Str+1 Int-2}
rMut   .         Stasis   .     (no ring)
MR     .....                    (no ring)
Stlth  ++........               (no ring)
                                (no ring)
                                (no ring)
                                (no ring)

@: spider-form, not resistant to hostile enchantments, unstealthy
A: almost no armour, amphibious, 8 rings, (constrict 8), (camouflage 0),
(gelatinous body 0), inability to use devices
a: End Transformation, Draw Out Power, Renounce Religion


You were on level 7 of the Dungeon.
You worshipped Ru.
Ru was most pleased with you.
You were not hungry.
You were a venomous arachnid creature.
You visited 2 branches of the dungeon, and saw 8 of its levels.
You also visited: Sewer.

You collected 245 gold pieces.

Inventory:

Hand weapons
 a - a +0 dagger of venom
   (You took it off a kobold in a sewer)
 b - a +0 blowgun
   (You took it off a kobold in a sewer)
Missiles
 h - 9 arrows
 i - 81 stones (quivered)
 n - 36 poisoned needles
 r - 8 sling bullets
 t - 4 curare-tipped needles
 z - 2 tomahawks
Armour
 e - a +0 buckler (melded)
   (You found it on level 4 of the Dungeon)
Jewellery
 f - an uncursed ring of ice {rC+, rF-}
   (You found it on level 1 of the Dungeon)
 p - an amulet of clarity (around neck) {Clar, !d}
   (You found it on level 3 of the Dungeon)
 s - a cursed -4 ring of evasion (left front leg)
   (You took it off a hobgoblin on level 5 of the Dungeon)
 x - the ring "Icioh Umuit" (right front leg) {SustAb Str+1 Int-2}
   (You took it off an orc on level 5 of the Dungeon)

   [ring of sustain abilities]

   It sustains your strength, intelligence and dexterity.
   It affects your strength (+1).
   It affects your intelligence (-2).
Scrolls
 v - a scroll of fear
 y - a scroll of blinking {!r}
 A - a scroll of enchant weapon
 C - a scroll of amnesia
Potions
 c - 2 potions of resistance
 g - 2 potions of curing
 j - a potion of restore abilities
 m - a potion of haste {unknown}
 o - a potion of beneficial mutation {unknown}
 q - a potion of heal wounds {unknown}
 u - a potion of invisibility
Books
 d - a book of Changes
Comestibles
 k - 3 bread rations {@e1}
 l - 6 meat rations {@e2}
 w - a slice of pizza
 B - a chunk of flesh {@w0}


   Skills:
 - Level 1.0 Fighting
 - Level 2.0 Dodging
 - Level 2.6 Shields
 + Level 8.4 Unarmed Combat
 - Level 2.0 Spellcasting
 - Level 6.9 Transmutations
 - Level 2.6 Poison Magic


You had 2 spell levels left.
You knew the following spells:

 Your Spells              Type           Power        Failure   Level  Hunger
b - Ice Form              Ice/Trmt       ##......     89%         4    #####..
c - Spider Form           Trmt/Pois      ##........   28%         3    ####...
s - Sticks to Snakes      Trmt           ###.......   10%         2    ###....


Dungeon Overview and Level Annotations

Branches:
Dungeon (7/15)             Temple (1/1) D:4

Altars:
Elyvilon
Kikubaaqudgha
Nemelex Xobeh
Okawaru
Ru
Trog
Vehumet
Yredelemnul

Annotations:
D:4 exclusion: statue
D:7 exclusion: centaur, Menkaure


Innate Abilities, Weirdness & Mutations

You cannot wear most types of armour.
You are amphibious.
You can wear up to eight rings at the same time.
((You can use your tentacles to constrict many enemies at once.))
((Your skin changes colour to match your surroundings (Stealth).))
((Your rubbery body absorbs attacks (AC +1).))
You cannot study or use magical devices.


Message History

You throw a stone.
The stone hits the quasit but does no damage.
The quasit gives a chilling moan.
You turn into a venomous arachnid creature.
Your +0 dagger of venom melds into your body.
Your +0 buckler melds into your body.
Your +0 dagger of venom stops dripping with poison.
The quasit barely misses you. The quasit closely misses you.
The quasit claws you.
You feel clumsy for a moment.
You take 2 damage, and have 46/48 hp.
You now have 10/13 mp.
You hit the quasit.
The quasit is stunned by your will and fails to attack.
You hit the quasit. The quasit closely misses you.
The quasit closely misses you. The quasit barely misses you.
You barely miss the quasit.
The quasit bites you but does no damage.
The quasit claws you but does no damage.
The quasit claws you.
You take 1 damage, and have 45/48 hp.
You hit the quasit but do no damage. The quasit closely misses you.
The quasit closely misses you.
The quasit claws you but does no damage.
You bite the quasit!
You redirect the quasit's attack!
The quasit closely misses itself.
The quasit claws itself.
The quasit claws itself but does no damage.
You hit the quasit. The quasit bites you. The quasit closely misses you.
The quasit closely misses you.
You take 2 damage, and have 43/48 hp.
You barely miss the quasit. The quasit barely misses you.
The quasit claws you but does no damage.
The quasit barely misses you.
You hit the quasit but do no damage. The quasit misses you.
The quasit misses you. The quasit claws you.
You feel clumsy for a moment.
You take 1 damage, and have 42/48 hp.
You bite the quasit!
You kill the quasit!
Your transformation is almost over.
i - 81 stones (gained 1)
Your transformation has ended.
Your +0 dagger of venom unmelds from your body.
Your +0 buckler unmelds from your body.
It begins to drip with poison!
You regained 2 hp, and now have 44/48 hp.
C - a scroll of amnesia MP restored: 13 Read which item? (? for menu, Esc to quit)
Okay, then.
A goblin comes into view. It is wielding a dagger.
You regained 2 hp, and now have 46/48 hp.
You throw a stone. The stone hits the goblin.
The goblin shouts!
You barely miss the goblin. You grab the goblin.
You squeeze the goblin, but do no damage.
You constrict the goblin.
You kill the goblin!
No target in view!
You see here a dagger.
i - 81 stones (gained 1)
You now have 245 gold pieces (gained 13).
Menkaure, Prince of Dust comes into view.
Menkaure shouts!
Health restored: 48 Spoiler Alert: Menkaure can cast Torment!
Wield which item (- for none, * to show all)? (? for menu, Esc to quit)
Your +0 dagger of venom stops dripping with poison.
h - 13 arrows (in tentacle)
You create a snake!
You now have 11/13 mp.
Casting: Sticks to Snakes You create a snake!
You now have 9/13 mp.
Casting: Sticks to Snakes You create a snake!
You now have 7/13 mp.
Casting: Sticks to Snakes You create a snake!
You now have 5/13 mp.
Wield which item (- for none, * to show all)? (? for menu, Esc to quit)
You are now empty-tentacled.
Spoiler Alert: Menkaure can cast Torment!
Casting: Sticks to Snakes You turn into a venomous arachnid creature.
Your +0 buckler melds into your body.
You now have 3/13 mp.
You swap places.
Menkaure mumbles some strange words.
Menkaure seems to speed up.
Spoiler Alert: Menkaure can cast Torment!
You swap places.
Menkaure hits you!
Your ball python barely misses Menkaure.
Your ball python grabs Menkaure.
Your ball python constricts Menkaure.
You take 16 damage, and have 32/48 hp.
MASSIVE DAMAGE!!
Menkaure hits you!!
* * * LOW HITPOINT WARNING * * *
Your ball python bites Menkaure.
Your ball python constricts Menkaure.
Menkaure hits you!
You die...

### #.# #.#
###############.#####
...........SSSS.s...#
###############M#####
#.# #.# #.# #.# ..#
#.# #.#


You could see Menkaure and 4 friendly ball pythons.

Vanquished Creatures
  2 phantoms
  4 sky beasts
  Sigmund (D:6)
  2 giant frogs
  A jelly (D:6)
  A quasit (D:7)
  A crimson imp (D:5)
  2 goliath beetles
  4 hounds
  2 orc wizards
  An iguana (D:3)
  2 orc priests
  3 worker ants (D:5)
  A worker ant zombie (D:6)
  A hound skeleton (D:7)
  3 gnolls (D:2)
  2 shadow imps (D:6)
  5 adders
  4 worms
  3 giant geckos
  2 oozes (D:1)
  15 orcs
  A ball python (D:2)
  5 giant cockroaches
  11 goblins
  6 hobgoblins
  7 jackals
  18 kobolds
  7 quokkas
  9 bats
  6 giant newts
  A quokka skeleton (D:5)
  21 rats
154 creatures vanquished.

Vanquished Creatures (collateral kills)
  Purgy (Sewer)
  A jelly (D:5)
  A worker ant (D:5)
  2 adders (D:4)
  A worm (D:2)
  A bat (D:5)
  A giant cockroach (D:2)
8 creatures vanquished.

Grand Total: 162 creatures vanquished

Notes
Turn   | Place    | Note
--------------------------------------------------------------
     0 | D:1      | hhkb, the Octopode Transmuter, began the quest for the Orb.
     0 | D:1      | Reached XP level 1. HP: 13/13 MP: 3/3
   355 | D:1      | Reached XP level 2. HP: 16/18 MP: 4/4
   712 | D:1      | Learned a level 2 spell: Sticks to Snakes
   853 | D:1      | Reached skill level 4 in Unarmed Combat
  1216 | D:1      | Reached XP level 3. HP: 20/23 MP: 6/6
  1756 | D:2      | Reached XP level 4. HP: 26/28 MP: 5/7
  1762 | D:2      | Reached skill level 5 in Unarmed Combat
  1768 | D:2      | Learned a level 3 spell: Spider Form
  2011 | D:2      | Reached skill level 1 in Poison Magic
  2339 | D:3      | Reached skill level 2 in Poison Magic
  2339 | D:3      | Reached XP level 5. HP: 18/33 MP: 6/9
  2513 | D:3      | HP: 8/33 [poisoned by an adder]
  2519 | D:3      | HP: 5/33 [poisoned by an adder]
  2524 | D:3      | HP: 3/33 [poisoned by an adder]
  2531 | D:3      | HP: 2/33 [poisoned by an adder]
  2957 | D:3      | Found a sparkling altar of Nemelex Xobeh.
  3218 | D:4      | Reached skill level 3 in Transmutations
  3237 | D:4      | HP: 8/33 [poisoned by an adder]
  3242 | D:4      | HP: 7/33 [poisoned by an adder]
  3248 | D:4      | HP: 5/33 [poisoned by an adder]
  3255 | D:4      | HP: 4/33 [poisoned by an adder]
  3587 | D:4      | Found a glowing drain.
  3602 | Sewer    | Entered a sewer
  3886 | Sewer    | Noticed Purgy
  3909 | Sewer    | Killed Purgy
  3909 | Sewer    | Reached skill level 1 in Shields
  3909 | Sewer    | Reached XP level 6. HP: 11/38 MP: 6/10
  4228 | D:4      | Found a staircase to the Ecumenical Temple.
  4279 | Temple   | Entered the Ecumenical Temple
  4311 | Temple   | Became a worshipper of Ru the Awakened
  4366 | D:4      | Reached skill level 2 in Shields
  4366 | D:4      | Reached skill level 4 in Transmutations
  5149 | D:4      | Found a radiant altar of Vehumet.
  5494 | D:5      | Entered Level 5 of the Dungeon
  5501 | D:5      | Reached XP level 7. HP: 32/43 MP: 7/12
  5672 | D:5      | Reached skill level 5 in Transmutations
  6048 | D:5      | Reached skill level 6 in Transmutations
  6051 | D:5      | HP: 9/43 [something (6)]
  6554 | D:5      | Reached XP level 8. HP: 30/48 MP: 9/13
  6913 | D:5      | Reached skill level 6 in Unarmed Combat
  7213 | D:5      | Gained mutation: You cannot study or use magical devices. [Ru sacrifice]
  7213 | D:5      | Acquired Ru's first power
  7213 | D:5      | Acquired Ru's second power
  7213 | D:5      | Acquired Ru's third power
  7471 | D:5      | Got a coiled granite ring
  7527 | D:5      | Identified the ring "Icioh Umuit" {SustAb Str+1 Int-2} (You took it off an orc on level 5 of the Dungeon)
  7585 | D:5      | Learned a level 4 spell: Ice Form
  7784 | D:6      | Noticed Sigmund
  7856 | D:6      | Killed Sigmund
  8260 | D:6      | Reached skill level 7 in Unarmed Combat
  8294 | D:6      | HP: 11/48 [acid (4)]
  8741 | D:7      | Reached skill level 8 in Unarmed Combat
  9177 | D:7      | Noticed Menkaure
  9191 | D:7      | HP: 9/48 [Menkaure (23)]
  9191 | D:7      | Mangled by Menkaure

Action                   |  1- 3 |  4- 6 |  7- 9 || total
-------------------------+-------+-------+-------++-------
Melee: Unarmed           |    85 |    95 |   161 ||   341
       Dagger            |       |    41 |    71 ||   112
Throw: Stone             |    32 |    68 |    53 ||   153
 Cast: Beastly Appendage |     1 |     3 |       ||     4
       Sticks to Snakes  |     2 |    10 |     9 ||    21
       Spider Form       |       |     4 |    19 ||    23
Invok: Sacrifice Artific |       |       |     1 ||     1
 Abil: End Transformatio |       |     1 |       ||     1
  Use: Scroll            |       |     8 |     3 ||    11
       Potion            |       |     2 |       ||     2
 Stab: Distracted        |     1 |       |       ||     1
       Sleeping          |       |     2 |       ||     2
       Invisible         |       |       |     3 ||     3
  Eat: Chunk             |     3 |    10 |     7 ||    20
       Pizza             |       |     2 |     1 ||     3
       Bread ration      |       |       |     1 ||     1
       Beef jerky        |       |       |     1 ||     1

Vault maps used:
D:1:      dpeg_arrival_fog
D:2:      grunt_decor_arrowhead, kennysheep_generic_room_14
D:3:      nicolae_overflow_hidden_temple
D:4:      vehumet_statue, minmay_temple_entry_glass, portal_sewer_entry_b
D:5:      first_bread
D:6:      lightli_temple_of_fire, uniq_sigmund
D:7:      tgw_sif, nicolae_dithmenos_the_darkroom, basic_altar, uniq_menkaure
Temple:   jpeg_temple_clearing_9
Sewer:    sewer_the_crocodile

Table legend:
 A = Turns spent in this place as a percentage of turns spent in the entire game.
 B = Non-inter-level travel turns spent in this place as a percentage of non-inter-level travel turns spent in the entire game.
 C = Inter-level travel turns spent in this place as a percentage of turns spent in this place.
 D = Turns resting spent in this place as a percentage of non-inter-level travel turns spent in this place.
 E = Turns spent auto-exploring this place as a percentage of non-inter-level travel turns spent in this place.
 F = Non-inter-level travel turns spent in this place divided by the number of levels of this place that you've seen.
                   A       B       C       D       E      F
               +-------+-------+-------+-------+-------+----------------------
         Total | 100.0 | 100.0 |   0.7 |   4.3 |   6.7 | 381.9
       Dungeon |  94.1 |  94.1 |   0.7 |   4.1 |   6.7 | 462.1
        Temple |   0.8 |   0.8 |   3.6 |  14.8 |  14.8 |  27.0
         Sewer |   5.1 |   5.1 |   0.0 |   5.7 |   4.0 | 175.0
               +-------+-------+-------+-------+-------+----------------------

Table legend:
 A = Kills in this place as a percentage of kills in entire the game.
 B = Kills by you in this place as a percentage of kills by you in the entire game.
 C = Kills by friends in this place as a percentage of kills by friends in the entire game.
 D = Other kills in this place as a percentage of other kills in the entire game.
 E = Experience gained in this place as a percentage of experience gained in the entire game.
 F = Experience gained in this place divided by the number of levels of this place that you have seen.
                   A       B       C       D       E      F
               +-------+-------+-------+-------+-------+----------------------
         Total | 100.0 | 100.0 | 100.0 |  -nan | 100.0 | 257.9
       Dungeon |  96.3 |  96.8 |  87.5 |  -nan |  94.8 | 314.3
         Sewer |   3.7 |   3.2 |  12.5 |  -nan |   5.2 | 121.0
               +-------+-------+-------+-------+-------+----------------------
